 Dungeon Crawl Stone Soup version 0.30-a0-168-g0b976cbdc4 (webtiles) character file.

Game seed: 6498389437977143360

568 KennySheep the Shooter (level 7, -3/41 HPs)
             Began as a Tengu Hunter on Sept 30, 2022.
             Was a Believer of Dithmenos.
             Slain by a water moccasin zombie (5 damage)
             ... on level 5 of the Dungeon.
             The game lasted 00:08:48 (3838 turns).

KennySheep the Shooter (Tengu Hunter)               Turns: 3838, Time: 00:08:48

Health: -3/41      AC:  4    Str: 12    XL:     7   Next: 33%
Magic:  8/8        EV: 16    Int:  9    God:    Dithmenos [**....]
Gold:   245        SH:  5    Dex: 19    Spells: 6/6 levels left

rFire   . . .      SeeInvis .    b - +3 dagger (flame)
rCold   . . .      Faith    .    (no shield)
rNeg    . . .      Spirit   .    c - +0 leather armour
rPois   .          Reflect  +    (helmet restricted)
rElec   .          Harm     .    (no cloak)
rCorr   .          Rampage  .    o - +0 pair of gloves
Will    .....                    (boots unavailable)
Stlth   +++.......               k - amulet of reflection
HPRegen 0.13/turn                (no ring)
MPRegen 0.11/turn                (no ring)

@: flying quickly and evasively, hasted (expiring), wreathed by umbra, very
quick
A: beak, talons 3, nimble flight
a: Renounce Religion, Shadow Step


You were on level 5 of the Dungeon.
You worshipped Dithmenos.
Dithmenos was pleased with you.
You visited 1 branch of the dungeon, and saw 5 of its levels.

You collected 245 gold pieces.

Inventory:

Hand Weapons
 a - a +0 shortbow
 b - a +3 dagger of flaming (weapon)
Armour
 c - a +0 leather armour (worn)
 o - a +0 pair of gloves (worn)
Jewellery
 k - an amulet of reflection (around neck)
Scrolls
 d - a scroll of blinking {unknown}
 e - 3 scrolls of teleportation
 f - 2 scrolls of immolation
 g - a scroll of poison {unknown}
 i - a scroll of noise {unknown}
 l - a scroll of magic mapping {unknown}
 q - a scroll of enchant weapon {unknown}
 r - a scroll of silence {unknown}
 s - a scroll of identify
 u - a scroll of amnesia
Potions
 j - a potion of heal wounds
 m - a potion of magic
 p - a potion of attraction {unknown}
 t - a potion of might {unknown}


   Skills:
 + Level 3.6 Fighting
 * Level 3.4 Short Blades
 + Level 6.1 Ranged Weapons
 + Level 3.9 Dodging
 * Level 3.8 Stealth


You had 6 spell levels left.
You didn't know any spells.
Your spell library contained the following spells:

 Spells                   Type           Power      Damage    Failure   Level
 Kiss of Death            Conj/Necr      0%         2d5       45%         1
 Magic Dart               Conj           0%         1d3       45%         1
 Ensorcelled Hibernation  Hex/Ice        0%         N/A       61%         2
 Scorch                   Fire           0%         2d5       61%         2
 Searing Ray              Conj           0%         2d4       61%         2
 Confusing Touch          Hex            0%         N/A       83%         3
 Kindle Blastsparks       Fire/Tloc/Air  0%         2d10      83%         3
 Spider Form              Tmut/Pois      0%         N/A       83%         3
 Anguish                  Hex/Necr       0%         N/A       99%         4
 Dispel Undead            Necr           0%         3d6       99%         4
 Flame Wave               Conj/Fire      0%         2d4       99%         4
 Fulminant Prism          Conj/Hex       0%         3d6       99%         4
 Iskenderun's Mystic Bla  Conj/Tloc      0%         2d3       99%         4
 Lee's Rapid Deconstruct  Erth           0%         3d5*      100%        5
 Summon Cactus Giant      Summ           0%         N/A       100%        6


Dungeon Overview and Level Annotations

Branches:
Dungeon (5/15)             Temple (0/1) D:4

Altars:
Dithmenos
Uskayaw

Annotations:
D:3 1 runed translucent door, Crazy Yiuf
D:5 Duvessa, Menkaure


Innate Abilities, Weirdness & Mutations

You have a beak for a mouth.
You have claws for feet.
Your magical nature lets you fly swiftly and evasively.


Message History

It was a potion of flight.
You feel more buoyant.
A hound zombie comes into view.
Duvessa closely misses you.
It was a potion of haste.
You feel yourself speed up. Duvessa hits you with a +0 short sword.
* * * LOW HITPOINT WARNING * * *
The hound closely misses you. Duvessa misses you.
A bullfrog zombie comes into view.
The bullfrog zombie moves out of view.
The hound attacks as you move away! The hound misses you.
The bullfrog zombie misses you.
An iguana comes into view.
Found 13 gold pieces.
You now have 245 gold pieces (gained 13).
You hear a shout!
You hear a shout!
You hear a shout!
A bullfrog skeleton and a water moccasin zombie come into view. 2 bullfrog skeletons come into view.
A jelly comes into view.
The water moccasin zombie bites you!
* * * LOW HITPOINT WARNING * * *
The helpless jelly fails to defend itself.
You impale the jelly!! You burn the jelly.
You kill the jelly!
Dithmenos accepts your kill.
A water moccasin skeleton comes into view.
The bullfrog skeleton barely misses you.
The bullfrog skeleton hits the withered plant!
The withered plant begins to crumble.
The bullfrog skeleton barely misses you.
A scorpion comes into view.
A water moccasin zombie, a scorpion zombie, a bullfrog skeleton and a centaur zombie come into view.
Your extra speed is starting to run out.
The water moccasin skeleton bites you.
* * * LOW HITPOINT WARNING * * *
You hear a shout!
The scorpion completely misses you. The water moccasin zombie bites you.
You die...

.# #.##....... r.
.. ###.##.######
#. ###...##.# #.
#.....##.# ##
#.###.....##.#
#..##..##........#
#..........P.####
#.~≈~~s.###..#
#Z~~Z@Z.ZZZZ.#
#.~~~~.#.#####
#Z~~Z~...#
#.....P.##
####....# ######


You could see a scorpion, 2 water moccasin zombies, a scorpion zombie, a centaur
zombie, a water moccasin skeleton and 4 bullfrog skeletons.

Vanquished Creatures
  Sigmund (D:3)
  A necrophage (D:4)
  Dowan (D:5)
  A hound (D:4)
  A jelly (D:5)
  Jessica (D:3)
  11 adders
  4 worms
  4 dart slugs
  11 orcs
  2 endoplasms
  3 giant cockroaches
  6 goblins
  9 hobgoblins
  2 quokkas
  8 ball pythons
  5 bats
  4 frilled lizards
  8 kobolds
  4 rats
87 creatures vanquished.

Vanquished Creatures (others)
  2 withered plants (D:5)
2 creatures vanquished.

Grand Total: 89 creatures vanquished

Notes
Turn   | Place    | Note
-------+----------+-------------------------------------------
     0 | D:1      | KennySheep the Tengu Hunter began the quest for the Orb.
     0 | D:1      | Reached XP level 1. HP: 12/12 MP: 2/2
   131 | D:1      | Reached XP level 2. HP: 17/17 MP: 3/3
   556 | D:1      | Reached XP level 3. HP: 21/21 MP: 4/4
  1062 | D:2      | Reached skill level 5 in Ranged Weapons
  1083 | D:2      | Reached XP level 4. HP: 24/27 MP: 5/5
  1563 | D:2      | Found a faded altar of an unknown god.
  1588 | D:2      | Prayed at the altar of an unknown god.
  1588 | D:2      | Became a worshipper of Dithmenos the Shadowed
  1588 | D:2      | Reached * piety under Dithmenos
  1883 | D:3      | Gained mutation: Your magical nature lets you fly swiftly
                  | and evasively. [Tengu growth]
  1883 | D:3      | Reached XP level 5. HP: 32/32 MP: 6/6
  1955 | D:3      | Noticed Jessica
  1959 | D:3      | Killed Jessica
  1974 | D:3      | Reached skill level 1 in Short Blades
  2200 | D:3      | Identified the +1 ring mail of Cowardice {-Tele rF+ MP+9
                  | Dex+4}
  2395 | D:3      | Noticed Sigmund
  2413 | D:3      | Killed Sigmund
  2414 | D:3      | Reached XP level 6. HP: 31/37 MP: 7/7
  2582 | D:3      | Found a runed translucent door.
  2583 | D:3      | Noticed Crazy Yiuf
  3282 | D:4      | Reached ** piety under Dithmenos
  3389 | D:4      | Found a staircase to the Ecumenical Temple.
  3418 | D:4      | Found a hide-covered altar of Uskayaw.
  3423 | D:4      | Found a shadowy altar of Dithmenos.
  3565 | D:4      | Reached XP level 7. HP: 41/41 MP: 8/8
  3588 | D:4      | Reached skill level 6 in Ranged Weapons
  3769 | D:5      | Entered Level 5 of the Dungeon
  3774 | D:5      | Noticed Menkaure
  3788 | D:5      | Noticed Duvessa
  3788 | D:5      | Noticed Dowan
  3789 | D:5      | Killed Dowan
  3837 | D:5      | HP: 2/41 [water moccasin skeleton (4)]
  3838 | D:5      | Slain by a water moccasin zombie

Illustrated notes

Levels and vault maps discovered:
D:1:      lightli_arrival_isolated_outpost, layout_loops_ring
D:2:      layout_loops_ring, hellmonk_ecumenical_altar_arch_garden,
          corexii_corridor_pit, nicolae_concentric_dashed_squares_mild,
          minmay_tetromino_t2
D:3:      wad_crossroads, layout_loops_ring, uniq_crazy_yiuf_cottage,
          uniq_sigmund, uniq_jessica
D:4:      layout_rooms, nicolae_overflow_squiral, minmay_temple_entry_fiery
D:5:      layout_loops_ring, serial_undead, serial_undead_e, serial_undead_b,
          serial_undead_d, serial_undead_d, serial_undead_e, serial_undead_c,
          serial_undead_b, serial_undead_a, serial_undead_a, serial_undead_f,
          uniq_duvessa, uniq_menkaure

Skill      XL: |  1  2  3  4  5  6  7 |
---------------+----------------------+-----
Ranged Weapons | 5 6 |  6.1
Stealth        | 2 3 |  3.8
Dodging        | 3 |  3.9
Short Blades   | 2 3 |  3.4
Fighting       | 3 |  3.6

Action                   |  1- 3 |  4- 6 |  7- 9 || total
-------------------------+-------+-------+-------++-------
Melee: Dagger            |    11 |    66 |    11 ||    88
       Kick              |     5 |    20 |     3 ||    28
       Peck              |     3 |     7 |     3 ||    13
 Fire: Shortbow          |    64 |   102 |       ||   166
  Use: Scroll            |     1 |     3 |       ||     4
       Potion            |       |     1 |     4 ||     5
 Stab: Sleeping          |       |     5 |     3 ||     8
Armor: Leather armour    |    10 |    12 |     2 ||    24
Dodge: Dodged            |    17 |    80 |    18 ||   115
Block: Other             |       |    22 |     2 ||    24

Table legend: (Time is in decaauts)
 A = Elapsed time spent in this place.
 B = Non-inter-level travel time spent in this place.
 C = Inter-level travel time spent in this place.
 D = Time resting spent in this place.
 E = Time spent auto-exploring this place.
 F = Levels seen in this place.
 G = Mean time per level.
                   A        B        C        D        E       F      G
               +--------+--------+--------+--------+--------+-----+--------+
         Total |   3722 |   3568 |    154 |    605 |   2359 |   5 |  744.4 |
       Dungeon |   3722 |   3568 |    154 |    605 |   2359 |   5 |  744.4 |
               +--------+--------+--------+--------+--------+-----+--------+

Top non-repeatable levels by time:
     D:3: 1230 daAuts
     D:2: 1081 daAuts
     D:1: 836 daAuts
     D:4: 530 daAuts
     D:5: 44 daAuts
